 Dungeon Crawl Stone Soup version 0.24-a0-235-g3f03afc (webtiles) character file.

Game seed: 3112431250495713397

488 xeno23 the Sneak (level 7, -1/48 HPs)
             Began as an Octopode Assassin on Apr 8, 2019.
             Slain by a jackal (2 damage)
             ... on level 5 of the Dungeon.
             The game lasted 00:06:50 (2589 turns).

xeno23 the Sneak (Octopode Assassin)                Turns: 2589, Time: 00:06:51

Health: -1/48      AC:  1    Str: 11    XL:     7   Next: 13%
Magic:  7/7        EV: 13    Int: 13    God:
Gold:   134        SH:  0    Dex: 15    Spells: 6/6 levels left

rFire    . . .     SeeInvis .   a - +2 dagger
rCold    . . .     Gourm    .   (no shield)
rNeg     . . .     Faith    .   (helmet restricted)
rPois    .         Spirit   .   t - amulet of rage
rElec    .         Reflect  .   (no ring)
rCorr    .         Harm     .   (no ring)
MR       .....                  (no ring)
Stlth    +++++.....             (no ring)
HPRegen  0.16/turn              (no ring)
MPRegen  0.10/turn              (no ring)
                                (no ring)
                                (no ring)

@: no status effects
A: almost no armour, stealthy swim, amphibious, 8 rings, constrict 8, camouflage
1, gelatinous body 1
a: Evoke Berserk Rage


You were on level 5 of the Dungeon.
You were not hungry.

You visited 1 branch of the dungeon, and saw 5 of its levels.

You collected 134 gold pieces.

Inventory:

Hand Weapons
 a - a +2 dagger (weapon)
 b - a +0 blowgun
Missiles
 c - 23 poisoned needles
 d - 2 curare-tipped needles
Jewellery
 j - an uncursed amulet of faith
 t - an amulet of rage (around mantle)
Scrolls
 e - 3 scrolls of teleportation
 h - a scroll of remove curse
 i - 2 scrolls of identify
 l - 2 scrolls of blinking {unknown}
 m - 2 scrolls of enchant weapon {unknown}
 o - a scroll of random uselessness {unknown}
 p - a scroll of amnesia {unknown}
 q - a scroll of enchant armour {unknown}
Potions
 g - 3 potions of heal wounds
 k - 2 potions of cancellation
 n - 2 potions of flight
 r - a potion of berserk rage {unknown}
 s - 2 potions of might {unknown}
Comestibles
 f - 8 rations
 u - a chunk of flesh


   Skills:
 + Level 4.0 Fighting
 * Level 5.4 Short Blades
 - Level 2.0 Throwing
 - Level 1.0 Dodging
 + Level 7.4 Stealth


You had 6 spell levels left.
You didn't know any spells.
Your spell library was empty.

Dungeon Overview and Level Annotations

Branches:
Dungeon (5/15)
 Temple: D:4-7

Altars:
Makhleb
Trog
Vehumet
Zin


Innate Abilities, Weirdness & Mutations

You cannot wear most types of armour.
You are very stealthy in the water. (Stealth+)
You are amphibious.
You can wear up to eight rings at the same time.
You can use your tentacles to constrict eight enemies at once.
Your skin changes colour to match your surroundings (Stealth+).
Your rubbery body absorbs attacks. (AC +1, EV +1)


Message History

* * * LOW HITPOINT WARNING * * *
You take 5 damage.
A leopard gecko skeleton comes into view.
The jackal closely misses you.
The phantom blinks!
The leopard gecko skeleton moves out of view.
You hit the jackal. Your grab misses the jackal. You squeeze the jackal.
The jackal is heavily wounded.
The jackal barely misses you.
You hit the jackal. You grab the jackal.
The jackal is almost dead.
You hear the slow rusting of a very distant drain.
You constrict the jackal, but do no damage.
The jackal barely misses you. The jackal closely misses you.
You hit the jackal.
You kill the jackal!
The jackal misses you. The phantom barely misses you. The jackal bites you.
* * * LOW HITPOINT WARNING * * *
The jackal bites you.
You die...

#.####))### #..
#....Z..# #..
######.... #..
#...... #... #......#
#... ##.......
######### #.######
#......#
#.......###..h...#
##.....
.#......<##.W.@...#
#........##.#####.#
#...#..#[##.......#
#. #...))........#
.....#..##..#........
....h...##..####.#.##
#.##.##.###....
..#... # ... ..
##.####.# ... ###.###
... #.. ...


You could see a phantom and a jackal.

Vanquished Creatures
  Blork the orc (D:4)
  A hound (D:4)
  A centaur skeleton (D:4)
  An orc priest (D:5)
  A bullfrog skeleton (D:4)
  Natasha (thrice) (D:3)
  An orc wizard (D:5)
  2 worker ants (D:4)
  3 gnolls (D:4)
  5 adders
  An ooze (D:1)
  A worm (D:4)
  2 dart slugs
  A leopard gecko (D:2)
  8 orcs
  6 bats
  3 giant cockroaches
  11 goblins
  4 hobgoblins
  A jackal (D:5)
  2 ball pythons
  A ball python skeleton (D:4)
  4 frilled lizards
  6 kobolds
  10 rats
80 creatures vanquished.

Notes
Turn   | Place    | Note
-------+----------+-------------------------------------------
     0 | D:1      | xeno23 the Octopode Assassin began the quest for the Orb.
     0 | D:1      | Reached XP level 1. HP: 14/14 MP: 1/1
    34 | D:1      | Reached XP level 2. HP: 14/19 MP: 2/2
   249 | D:1      | Reached XP level 3. HP: 20/25 MP: 3/3
   996 | D:2      | Reached XP level 4. HP: 26/30 MP: 4/4
  1056 | D:2      | Found a glowing silver altar of Zin.
  1057 | D:2      | Noticed an angel
  1177 | D:3      | Reached skill level 6 in Stealth
  1189 | D:3      | Found a radiant altar of Vehumet.
  1272 | D:3      | Noticed Natasha
  1279 | D:3      | Killed Natasha
  1338 | D:3      | Noticed Natasha
  1346 | D:3      | Killed Natasha
  1346 | D:3      | Reached XP level 5. HP: 36/36 MP: 5/5
  1391 | D:3      | Found a bloodstained altar of Trog.
  1406 | D:3      | Noticed Natasha
  1415 | D:3      | Killed Natasha
  1481 | D:3      | Found a bloodstained altar of Trog.
  1682 | D:4      | Noticed Blork the orc
  1685 | D:4      | Killed Blork the orc
  1685 | D:4      | Reached XP level 6. HP: 42/42 MP: 6/6
  1849 | D:4      | Found a burning altar of Makhleb.
  1849 | D:4      | Noticed a cacodemon
  1852 | D:4      | Noticed an orange demon
  1852 | D:4      | Noticed a ynoxinul
  2086 | D:4      | Reached skill level 7 in Stealth
  2203 | D:4      | Reached skill level 5 in Short Blades
  2475 | D:5      | Entered Level 5 of the Dungeon
  2539 | D:5      | Reached XP level 7. HP: 45/48 MP: 7/7
  2589 | D:5      | HP: 1/48 [jackal (3)]
  2589 | D:5      | Slain by a jackal

Levels and vault maps discovered:
D:1:      enne_arrival_octagon_isle, layout_loops_ring
D:2:      layout_loops_cross, zin_angel, chequers_serial_rivers_room_a
D:3:      layout_loops_cross, overflow_temple_1_default, bloody_trog,
          serial_glass, glass_columns_b, glass_columns_b, feat_on_display,
          feat_on_display, feat_on_display, kennysheep_flooded_box, uniq_natasha
D:4:      layout_cave_pods, makhleb_altar_promises_db, uniq_blork_the_orc
D:5:      layout_loops_cross, minmay_temple_entry_nine_rooms, serial_shops,
          shop, first_ration, lightli_sewer_entry_pipes

Skill      XL: |  1  2  3  4  5  6 |
---------------+-------------------+-----
Short Blades   | 3 4 5 |  5.4
Stealth        | 6 7 |  7.4
Fighting       | 3 4 |  4.0
Throwing       | |  2.0
Dodging        | |  1.0

Action                   |  1- 3 |  4- 6 |  7- 9 || total
-------------------------+-------+-------+-------++-------
Melee: Dagger            |    60 |    96 |    26 ||   182
       Constrict         |    13 |    20 |     4 ||    37
       Tentacles         |     6 |    29 |     5 ||    40
  Use: Scroll            |       |     2 |     3 ||     5
 Stab: Sleeping          |    18 |    11 |       ||    29
  Eat: Chunk             |       |     5 |       ||     5
Armor: Skin              |     4 |     2 |     2 ||     8
Dodge: Dodged            |    16 |    32 |    12 ||    60

Table legend:
 A = Non-vault XP
 B = Vault XP
 C = Vault XP percentage of total XP
 D = Non-vault monster count
 E = Vault monster count
 F = Vault count percentage of total count
                 A         B        C        D         E       F
            +---------+---------+-------+---------+---------+-------
      Total |     563 |     135 |  19.3 |      78 |       2 |   2.5
            +---------+---------+-------+---------+---------+-------
        D:1 |      42 |       0 |   0.0 |      23 |       0 |   0.0
        D:2 |      41 |       0 |   0.0 |      19 |       0 |   0.0
        D:3 |      98 |      35 |  26.3 |      10 |       1 |   9.1
        D:4 |     284 |     100 |  26.0 |      16 |       1 |   5.9
        D:5 |      98 |       0 |   0.0 |      10 |       0 |   0.0
            +---------+---------+-------+---------+---------+-------
